Map: [ESL] Data-C

Players

Astrea - Winner!

  • Race: Protoss Protoss
  • League: Master
  • Spawn Location: 3:00

ShoWTimE

  • Race: Protoss Protoss
  • Spawn Location: 9:00

Event: HomeStory Cup XXII

VOD

Have the link to the VOD?

Description

Time

  • Played on: Dec. 17, 2022, 6:42 a.m.
  • Length: 10:19

All games in this series

Show
View Real Time Build Order
Export as new Build Order

Astrea Protoss - Winner!

Build Orders: Phoenix Opening 

Get SALT Encoding   

  12  0:00  Probe  
  13  0:12  Probe  
  14  0:17  Pylon  
  14  0:24  Probe (Chrono Boost)  
  16  0:36  Probe (Chrono Boost)  
  16  0:37  Gateway  
  16  0:43  Probe (Chrono Boost)  
  16  0:46  Assimilator  
  17  0:51  Probe  
  18  1:03  Probe  
  19  1:15  Probe (Chrono Boost)  
  20  1:19  Pylon  
  20  1:21  Assimilator  
  20  1:25  Cybernetics Core  
  21  1:26  Probe (Chrono Boost)  
  21  1:30  Probe (Chrono Boost)  
  22  1:37  Zealot  
  24  1:41  Probe  
  25  1:53  Probe  
  26  2:02  Warp Gate  
  26  2:05  Probe  
  27  2:10  Sentry  
  29  2:16  Pylon  
  29  2:17  Probe  
  30  2:29  Probe  
  31  2:30  Nexus  
  31  2:42  Probe  
  32  2:44  Stargate  
  32  2:54  Probe  
  33  3:00  Gateway  
  33  3:03  Shield Battery  
  33  3:06  Probe  
  33  3:10  Shield Battery  
  33  3:12  Stalker  
  35  3:19  Probe  
  35  3:26  Phoenix (Chrono Boost)  
  35  3:31  Probe  
  38  3:42  Phoenix (Chrono Boost), Probe  
  38  3:45  Probe  
  41  3:54  Probe  
  42  3:58  Probe  
  43  4:02  Twilight Council  
  43  4:05  Stalker  
  43  4:09  Probe  
  46  4:10  Probe  
  47  4:21  Probe  
  47  4:22  Probe  
  47  4:23  Phoenix (Chrono Boost)  
  51  4:33  Probe  
  51  4:36  Pylon  
  51  4:37  Probe  
  53  4:44  Blink (Chrono Boost)  
  53  4:45  Probe  
  54  4:46  Assimilator  
  54  4:47  Pylon  
  54  4:54  Probe  
  54  4:57  Probe  
  56  5:05  Nexus  
  56  5:14  Probe  
  57  5:15  Probe  
  57  5:16  Stalker x2  
  57  5:21  Shield Battery  
  62  5:26  Probe  
  62  5:27  Probe  
  64  5:30  Robotics Facility  
  64  5:34  Pylon  
  64  5:38  Probe  
  65  5:43  Stalker x2  
  65  5:44  Probe  
  68  5:50  Probe  
  68  5:56  Probe  
  70  5:58  Pylon  
  70  6:02  Phoenix, Probe  
  71  6:08  Probe  
  71  6:10  Stalker x2  
  76  6:14  Probe  
  76  6:18  Observer (Chrono Boost)  
  78  6:19  Pylon  
  78  6:20  Probe  
  78  6:21  Forge, Probe  
  80  6:26  Probe  
  80  6:30  Charge  
  80  6:32  Immortal (Chrono Boost), Probe  
  82  6:33  Probe  
  82  6:37  Protoss Ground Weapons Level 1 (Chrono Boost)  
  82  6:38  Gateway, Probe  
  88  6:41  Pylon  
  88  6:45  Probe  
  90  6:51  Probe  
  90  6:53  Pylon  
  91  6:56  Nexus  
  91  6:59  Assimilator  
  90  7:05  Gateway  
  90  7:06  Gateway  
  90  7:07  Gateway  
  90  7:14  Probe x2  
  92  7:20  Stalker x2  
  96  7:35  Probe x3  
  99  7:37  Immortal (Chrono Boost)  
  99  7:41  Gateway  
  99  7:43  Gateway  
  99  7:44  Pylon  
  99  7:45  Pylon  
  99  7:47  Probe x3  
  99  7:50  Stalker x3  
  112  7:57  Observer  
  112  7:59  Probe x2  
  112  8:00  Probe  
  112  8:04  Photon Cannon  
  113  8:07  Stalker x2  
  113  8:11  Probe  
  118  8:13  Warp Prism (Chrono Boost), Stalker x3  
  118  8:17  Stalker  
  128  8:20  Photon Cannon  
  126  8:32  Gateway  
  126  8:37  Stalker x6  
  139  8:41  Observer (Chrono Boost)  
  139  8:56  Stalker x2  
  139  8:59  Pylon  
  139  9:00  Assimilator, Pylon x2  
  139  9:02  Assimilator  
  143  9:09  Pylon  
  143  9:11  Stalker x4  
  143  9:13  Zealot  
  149  9:19  Zealot  
  149  9:24  Nexus  
  143  9:32  Stalker x3  
  143  9:35  Stalker x3  
  143  9:36  Zealot x2  
  153  9:39  Zealot  
  153  9:44  Gateway  
  155  9:51  Stalker x2  
  151  9:54  Zealot x2  
  151  9:55  Zealot x2  
  151  9:58  Zealot  
  151  10:04  Stalker x2  
  159  10:11  Stalker  
  159  10:12  Stalker x3  
Show
View Real Time Build Order
Export as new Build Order

ShoWTimE Protoss 

Build Orders: Oracle Opening, Blink Stalkers 

Get SALT Encoding   

  12  0:00  Probe  
  13  0:12  Probe  
  14  0:18  Pylon  
  14  0:24  Probe (Chrono Boost)  
  15  0:36  Probe (Chrono Boost)  
  15  0:37  Gateway  
  16  0:45  Probe (Chrono Boost)  
  16  0:47  Assimilator  
  17  0:51  Probe  
  18  1:03  Probe (Chrono Boost)  
  19  1:13  Pylon  
  19  1:15  Assimilator  
  19  1:16  Probe (Chrono Boost)  
  20  1:24  Probe (Chrono Boost)  
  21  1:30  Cybernetics Core, Probe  
  22  1:33  Zealot  
  24  1:42  Pylon  
  24  1:44  Probe  
  25  1:57  Probe  
  26  2:07  Pylon  
  26  2:09  Stargate  
  26  2:11  Adept  
  26  2:14  Warp Gate  
  28  2:35  Nexus  
  28  2:40  Pylon  
  27  2:45  Probe  
  27  2:51  Oracle (Chrono Boost)  
  31  2:58  Probe  
  32  3:11  Probe  
  33  3:18  Oracle (Chrono Boost)  
  33  3:23  Probe  
  35  3:27  Twilight Council  
  35  3:35  Probe  
  35  3:36  Gateway  
  36  3:47  Probe  
  37  3:48  Probe  
  35  3:58  Blink (Chrono Boost)  
  35  3:59  Probe  
  35  4:01  Probe, Gateway  
  37  4:11  Probe  
  37  4:13  Probe, Stalker  
  37  4:17  Shield Battery  
  41  4:23  Probe  
  42  4:25  Probe  
  42  4:31  Stalker  
  45  4:34  Pylon  
  45  4:35  Probe  
  45  4:37  Probe  
  47  4:38  Stalker  
  49  4:46  Pylon  
  49  4:47  Probe  
  49  4:48  Assimilator  
  49  4:49  Probe  
  49  4:57  Stalker x2  
  53  5:00  Probe  
  53  5:08  Probe  
  53  5:13  Stalker  
  54  5:15  Probe  
  56  5:21  Probe  
  56  5:26  Nexus  
  56  5:27  Probe  
  57  5:30  Pylon  
  57  5:33  Probe  
  58  5:39  Probe  
  59  5:42  Stalker x2  
  59  5:47  Probe  
  64  5:51  Probe  
  64  5:53  Robotics Facility  
  65  5:58  Pylon  
  65  5:59  Probe  
  65  6:03  Probe  
  67  6:10  Stalker x2  
  69  6:11  Probe (Chrono Boost), Stalker  
  69  6:17  Forge  
  69  6:18  Probe (Chrono Boost)  
  73  6:23  Probe (Chrono Boost)  
  74  6:29  Probe (Chrono Boost)  
  74  6:32  Shield Battery, Probe (Chrono Boost)  
  76  6:34  Probe (Chrono Boost)  
  76  6:38  Probe (Chrono Boost)  
  76  6:39  Stalker  
  80  6:40  Protoss Ground Weapons Level 1 (Chrono Boost)  
  80  6:41  Observer  
  80  6:44  Pylon  
  83  6:48  Probe (Chrono Boost)  
  83  6:50  Probe x2 (Chrono Boost)  
  84  6:54  Stalker  
  84  6:55  Probe (Chrono Boost), Stalker  
  84  6:56  Probe (Chrono Boost)  
  84  6:57  Probe (Chrono Boost)  
  84  7:00  Assimilator  
  91  7:02  Observer  
  91  7:04  Probe  
  91  7:06  Probe, Stalker  
  97  7:08  Probe  
  97  7:16  Probe  
  97  7:18  Probe, Stalker x2  
  97  7:20  Probe  
  104  7:28  Probe  
  105  7:31  Probe  
  105  7:32  Probe  
  105  7:33  Pylon  
  105  7:36  Stalker  
  109  7:39  Gateway  
  109  7:41  Gateway  
  109  7:42  Gateway  
  109  7:44  Nexus  
  109  7:46  Pylon  
  109  7:51  Probe  
  109  7:52  Pylon  
  109  7:53  Charge (Chrono Boost)  
  109  7:54  Probe x2  
  109  8:03  Probe  
  109  8:04  Stalker x3  
  115  8:06  Probe x2  
  115  8:10  Shield Battery  
  117  8:15  Probe  
  117  8:17  Pylon  
  117  8:18  Probe  
  119  8:20  Gateway  
  119  8:22  Gateway  
  119  8:26  Probe  
  120  8:28  Probe  
  120  8:30  Probe  
  122  8:36  Stalker x6  
  122  8:40  Photon Cannon  
  134  8:47  Photon Cannon  
  134  8:48  Photon Cannon  
  134  8:58  Stalker  
  134  8:59  Stalker x2  
  140  9:04  Shield Battery, Probe x2  
  140  9:05  Probe  
  140  9:06  Probe  
  144  9:16  Stalker x4  
  149  9:20  Shield Battery, Observer  
  149  9:21  Zealot x2  
  145  9:35  Stalker x2  
  145  9:37  Shield Battery  
  137  9:40  Stalker x4  
  137  9:45  Zealot x2  
  128  9:59  Zealot x2  
  124  10:05  Zealot x4  
  130  10:08  Zealot x2  
Tags
 
Add a new tag
Caveats
  • Supply blocks, unpowered buildings, or Contaminate may cause inaccurate times.
  • Supply counts are checked every 10 seconds.